 Dungeon Crawl Stone Soup version 0.29.0-4-gdea44cf6ec (webtiles) character file.

Game seed: 5572989802960449575

4 SnakkuSnakku7 the Caller (level 1, -11/13 HPs)
             Began as a Palentonga Summoner on Aug 27, 2022.
             Mangled by a kobold
             ... wielding a +0 dagger of electrocution
              (15 damage)
             ... on level 1 of the Dungeon.
             The game lasted 00:00:20 (249 turns).

SnakkuSnakku7 the Caller (Palentonga Summoner)       Turns: 249, Time: 00:00:21

Health: -11/13     AC:  4    Str: 13    XL:     1   Next: 50%
Magic:  1/3        EV:  9    Int: 15    God:
Gold:   0          SH:  0    Dex: 10    Spells: 3/4 levels left

rFire   . . .      SeeInvis +   (no weapon)
rCold   . . .      Faith    .   (no shield)
rNeg    . . .      Spirit   .   a - +0 robe
rPois   .          Reflect  .   (no helmet)
rElec   .          Harm     .   (no cloak)
rCorr   .          Rampage  .   (no gloves)
Will    .....                   (no barding)
Stlth   +.........              (no amulet)
HPRegen 0.04/turn               (no ring)
MPRegen 0.08/turn               (no ring)

@: no status effects
A: large, rugged brown scales 3, see invisible, deformed body, roll 1, armoured
tail
a: Rolling Charge


You were on level 1 of the Dungeon.
You visited 1 branch of the dungeon, and saw 1 of its levels.

Inventory:

Armour
 a - a +0 robe (worn)
Potions
 b - a potion of magic
 c - a potion of might {unknown}


   Skills:
 - Level 1.5 Dodging
 - Level 1.2 Stealth
 - Level 2.0 Spellcasting
 + Level 3.4 Summonings


You had 3 spell levels left.
You knew the following spells:

 Your Spells              Type           Power      Damage    Failure   Level
a - Summon Small Mammal   Summ           44%        N/A       5%          1

Your spell library contained the following spells:

 Spells                   Type           Power      Damage    Failure   Level
 Call Imp                 Summ           11%        N/A       9%          2
 Call Canine Familiar     Summ           11%        N/A       16%         3
 Summon Guardian Golem    Hex/Summ       6%         N/A       32%         3
 Summon Lightning Spire   Summ/Air       6%         N/A       73%         4


Dungeon Overview and Level Annotations

Branches:
Dungeon (1/15)

Altars:


Innate Abilities, Weirdness & Mutations

You are completely covered in rugged brown scales. (AC +3, +7% HP)
You have supernaturally acute eyesight. (SInv)
Armour fits poorly on your strangely shaped body.
You can roll at nearby foes to attack.
You have a long armoured tail.


Message History

The bat closely misses you.
You are too injured to fight recklessly!
The bat closely misses you.
Your quokka closely misses the bat.
You hit the bat.
You kill the bat!
You see here a bat corpse.
You start resting.
Your quokka disappears in a puff of smoke!
HP restored.
c - a fuming black potion A ball python is nearby!
You see here a scroll labelled PIFILAGEDGH.
Found 6 stones.
A kobold comes into view.
It is wielding a +0 dagger of electrocution.
Found a hand axe.
The kobold shouts!
The kobold moves out of view.
Found 10 gold pieces.
Casting: Summon Small Mammal (safe; 5% risk of failure)
Confirm with . or Enter, or press ? or * to list all spells.
You closely miss the kobold. The kobold misses you.
Your bat hits the kobold. You hit the kobold but do no damage.
The kobold is moderately wounded.
Your bat closely misses the kobold.
The kobold barely misses you.
You hit the kobold.
The kobold is heavily wounded.
Your bat hits the kobold but does no damage.
The kobold hits you with a +0 dagger of electrocution.
You are electrocuted!
Ouch! That really hurt!
* * * LOW HITPOINT WARNING * * *
The kobold attacks as you move away! The kobold barely misses you.
Your bat hits the kobold but does no damage.
Casting: Summon Small Mammal (safe; 5% risk of failure)
Confirm with . or Enter, or press ? or * to list all spells.
Your bat hits the ball python. The ball python barely misses your bat.
The ball python completely misses your bat.
The kobold hits you but does no damage.
You are electrocuted!
Ouch! That really hurt!
You die...

... ...~≈ .. ##..)~≈≈#
.. #.(...~~# #####.
#.~....~# ####
##.....##.#~....# +.~##
.......#..#~~#..# #.~≈#
##....#Sbb.~##..####.~~#
........K...#~....#...~#
....###.#@........'...~#
.. #....#......'..<~#
#..~~#......#...~#
#..#~~#.#.####.~~#
#?.#.~#...# #.~≈#
###.#....#....# +.~##
#...>........~# ####
#.#.#.#.#...~~#
#.#.#...[~≈≈# ###


You could see a ball python (ally target), a kobold (ally target) and 2 friendly
bats.

Vanquished Creatures
  A bat (D:1)
  A rat (D:1)
2 creatures vanquished.

Vanquished Creatures (collateral kills)
  An endoplasm (D:1)
  A hobgoblin (D:1)
2 creatures vanquished.

Grand Total: 4 creatures vanquished

Notes
Turn   | Place    | Note
-------+----------+-------------------------------------------
     0 | D:1      | SnakkuSnakku7 the Palentonga Summoner began the quest for
                  | the Orb.
     0 | D:1      | Reached XP level 1. HP: 13/13 MP: 3/3
   249 | D:1      | Mangled by a kobold

Illustrated notes

Levels and vault maps discovered:
D:1:      denvon_arrival_waterhouse, layout_basic,
          dilly_ecumenical_altar_fadedgnrine

Action                   || total
-------------------------++-------
Melee: Unarmed           ||     9
       Tailslap          ||     1
 Cast: Summon Small Mamm ||     3
Armor: Robe              ||     2
Dodge: Dodged            ||     6
